Map: Arctic Dream LE

Players

qqq - Winner!

  • Race: Zerg Zerg
  • Spawn Location: 12:00

Massa - Winner!

  • Race: Terran Terran
  • League: Platinum
  • Spawn Location: 11:00

Thor

  • Race: Zerg Zerg
  • League: Gold
  • Spawn Location: 5:00

Alex

  • Race: Protoss Protoss
  • League: Platinum
  • Spawn Location: 6:00

VOD

Have the link to the VOD?

Description

Time

  • Played on: Nov. 4, 2020, 2:51 p.m.
  • Length: 15:11
Show
View Real Time Build Order
Export as new Build Order

qqq Zerg - Winner!

Build Orders: Hatch First, Zergling Baneling 

Get SALT Encoding   

  12  0:02  Drone  
  13  0:08  Drone  
  14  0:37  Hatchery  
  13  0:52  Drone  
  14  0:58  Spawning Pool  
  14  1:02  Drone  
  14  1:11  Overlord  
  14  1:21  Drone  
  14  1:32  Drone x2, Extractor  
  15  1:37  Drone  
  16  1:46  Drone  
  17  1:53  Drone  
  18  1:57  Drone  
  19  2:02  Queen  
  19  2:05  Drone  
  22  2:13  Drone  
  23  2:16  Drone  
  24  2:23  Queen  
  26  2:35  Zergling x2  
  26  2:36  Zergling x2  
  28  2:37  Overlord  
  28  2:42  Metabolic Boost  
  28  2:46  Overlord  
  28  2:56  Drone  
  29  2:58  Drone  
  29  2:59  Drone x2  
  29  3:05  Baneling Nest  
  31  3:06  Zergling x2  
  31  3:11  Zergling x2  
  31  3:12  Zergling x2  
  34  3:14  Zergling x2  
  34  3:17  Zergling x2  
  36  3:24  Overlord  
  36  3:25  Zergling x2  
  37  3:27  Zergling x2  
  37  3:31  Zergling x2  
  39  3:39  Zergling x2  
  39  3:40  Zergling x6  
  43  3:45  Zergling x2  
  43  3:47  Zergling x2  
  45  3:50  Baneling x3  
  45  3:52  Zergling x4  
  45  3:54  Zergling x2  
  48  4:01  Zergling x2  
  49  4:08  Zergling x4  
  50  4:18  Zergling x2  
  50  4:22  Baneling x2  
  51  4:27  Overlord x2  
  51  4:28  Overlord  
  51  4:45  Zergling x4  
  48  4:46  Baneling x3  
  35  5:10  Zergling x4  
  33  5:26  Lair  
  33  5:30  Zergling x4  
  33  5:33  Hatchery, Drone x3  
  37  5:45  Zergling x4  
  39  5:50  Evolution Chamber x2  
  39  5:51  Hatchery  
  39  5:52  Zergling x2  
  39  5:53  Zergling x4  
  39  5:55  Drone  
  39  5:56  Drone x3  
  43  6:07  Drone  
  43  6:08  Drone x2  
  46  6:21  Zergling x4  
  46  6:22  Drone x2, Zergling x2  
  46  6:23  Drone  
  52  6:30  Drone, Zergling x2  
  54  6:36  Zerg Melee Weapons Level 1  
  54  6:39  Infestation Pit  
  53  6:41  Drone  
  53  6:44  Hydralisk Den  
  53  6:46  Extractor, Zergling x6  
  53  6:47  Zergling x8  
  59  6:56  Drone  
  59  6:57  Drone x3  
  61  7:15  Extractor  
  59  7:16  Drone  
  59  7:17  Drone  
  59  7:19  Drone x3  
  59  7:20  Drone x3  
  59  7:21  Queen  
  69  7:27  Extractor  
  68  7:31  Drone x2  
  70  7:42  Spire, Spore Crawler  
  68  7:44  Spore Crawler  
  68  7:47  Drone x3  
  68  7:48  Overlord x2  
  70  7:57  Zergling x4  
  70  7:58  Hydralisk x3, Zergling x2  
  75  8:00  Drone  
  75  8:01  Drone  
  75  8:04  Drone x2  
  83  8:06  Drone  
  83  8:08  Drone  
  85  8:16  Zergling x2  
  85  8:17  Zergling x10  
  85  8:19  Drone  
  92  8:40  Drone x2  
  92  8:41  Drone x5  
  98  9:02  Mutalisk x3  
  102  9:04  Overlord x6  
  102  9:05  Overlord x3  
  102  9:08  Extractor  
  103  9:10  Extractor  
  103  9:12  Extractor  
  103  9:13  Extractor  
  103  9:16  Spine Crawler  
  99  9:18  Spine Crawler x2  
  99  9:21  Zerg Flyer Weapons Level 1  
  99  9:22  Mutalisk  
  99  9:23  Mutalisk  
  101  9:24  Hatchery  
  101  9:26  Mutalisk  
  102  9:36  Drone  
  102  9:37  Drone x5  
  108  9:43  Mutalisk x2  
  112  9:49  Corruptor  
  114  9:58  Spine Crawler  
  114  9:59  Corruptor  
  113  10:01  Corruptor  
  113  10:02  Mutalisk  
  118  10:07  Mutalisk x2  
  118  10:10  Corruptor  
  118  10:12  Drone  
  118  10:13  Drone  
  125  10:19  Drone x4  
  125  10:20  Drone  
  130  10:21  Drone  
  130  10:26  Drone x2  
  120  10:59  Mutalisk x8  
  120  11:00  Mutalisk  
  120  11:02  Drone x3  
  120  11:03  Drone x6  
  120  11:04  Corruptor  
  144  11:05  Overlord  
  135  11:22  Mutalisk x4  
  135  11:24  Drone x4  
  135  11:40  Mutalisk x2  
  135  11:41  Mutalisk  
  135  11:42  Drone x2  
  135  11:43  Drone x3  
  134  11:51  Extractor  
  134  11:52  Extractor  
  130  12:02  Drone x4  
  130  12:03  Mutalisk, Corruptor x3  
  130  12:04  Corruptor  
  130  12:06  Zergling x4  
  146  12:18  Spine Crawler  
  146  12:20  Spine Crawler  
  146  12:21  Corruptor x2  
  146  12:22  Spore Crawler, Corruptor  
  149  12:26  Zerg Flyer Armor Level 1  
  149  12:38  Corruptor x2  
  149  12:40  Drone  
  149  12:41  Drone x5  
  149  12:43  Spore Crawler x3  
  156  12:45  Spore Crawler x2  
  156  12:46  Spore Crawler  
  156  12:47  Spore Crawler  
  152  12:52  Spore Crawler  
  152  12:53  Spore Crawler  
  152  12:54  Spore Crawler  
  152  12:55  Corruptor x4  
  152  12:57  Zergling x2  
  152  12:58  Zergling x2, Overlord x2  
  159  13:02  Drone x2  
  159  13:24  Corruptor x6  
  130  13:47  Corruptor x4  
  130  13:48  Corruptor  
  129  13:49  Drone x4  
  129  13:50  Drone  
  134  14:02  Mutalisk x3  
  134  14:08  Drone x3  
  139  14:22  Zergling x10  
  139  14:23  Zergling x8  
  142  14:53  Hatchery  
  142  14:55  Hatchery  
  142  14:57  Hatchery  
  146  15:03  Hatchery  
Show
View Real Time Build Order
Export as new Build Order

Massa Terran - Winner!

Build Orders:  

Get SALT Encoding   

  12  0:00  SCV  
  13  0:12  SCV  
  14  0:17  Supply Depot  
  14  0:24  SCV  
  15  0:39  SCV  
  15  0:41  Barracks  
  16  0:51  Refinery, SCV  
  17  0:58  Supply Depot  
  17  1:03  SCV  
  18  1:15  SCV  
  19  1:27  SCV  
  20  1:41  Command Center  
  20  1:42  Reaper  
  21  1:51  Orbital Command  
  21  2:13  Marine  
  21  2:15  Factory  
  22  2:19  SCV  
  23  2:24  Engineering Bay  
  23  2:31  SCV  
  24  2:37  Barracks Reactor  
  24  2:43  SCV  
  25  2:44  Refinery  
  25  3:07  Orbital Command  
  25  3:08  SCV  
  26  3:14  Missile Turret  
  26  3:15  Factory Tech Lab  
  26  3:21  SCV, Ghost Academy  
  26  3:26  Barracks  
  27  3:31  Starport  
  27  3:35  SCV x2  
  28  3:43  Marine x2  
  28  3:47  SCV x2  
  32  3:48  Siege Tank  
  35  3:58  Refinery  
  35  3:59  SCV x2  
  35  4:01  Supply Depot  
  37  4:03  Missile Turret  
  37  4:06  Supply Depot  
  37  4:09  Marine  
  38  4:11  SCV  
  38  4:13  Medivac  
  41  4:17  Marine  
  41  4:18  Barracks Tech Lab  
  42  4:27  Marine  
  43  4:34  SCV x2  
  43  4:35  Marine  
  46  4:44  Refinery  
  46  4:45  Marine  
  47  4:46  SCV x2  
  47  4:48  Ghost  
  51  4:52  Marine  
  51  4:53  Liberator  
  51  4:58  SCV  
  56  5:02  Marine  
  57  5:10  Marine  
  57  5:12  SCV x2  
  60  5:15  Personal Cloaking  
  60  5:17  Marine  
  60  5:20  Marine  
  62  5:25  Supply Depot  
  62  5:27  Supply Depot  
  62  5:29  Supply Depot  
  62  5:33  Supply Depot  
  62  5:35  Missile Turret  
  62  5:39  Sensor Tower  
  62  5:44  Stimpack  
  62  5:46  Marine  
  62  5:47  Widow Mine, SCV x2, Marauder  
  69  5:56  Supply Depot  
  69  5:58  Missile Turret  
  69  5:59  SCV x2  
  71  6:08  Widow Mine  
  73  6:16  Marauder  
  75  6:25  Terran Infantry Weapons Level 1  
  75  6:29  Command Center  
  75  6:30  Widow Mine, Armory, Medivac  
  75  6:31  Marine x2  
  81  6:38  Marauder  
  83  6:40  Nuke  
  83  6:46  SCV x2  
  85  6:48  Marine  
  85  6:49  Marine  
  85  6:51  Siege Tank  
  90  6:58  SCV x2  
  92  7:10  SCV x2  
  92  7:13  Marauder, Marine x2  
  98  7:22  SCV x2, Barracks  
  100  7:24  Barracks  
  100  7:26  Barracks  
  100  7:30  Marine  
  100  7:31  Marine  
  102  7:40  SCV, Siege Tank  
  102  7:41  Marauder  
  108  7:49  Terran Vehicle Weapons Level 1  
  106  7:54  Marine x2  
  106  7:55  Orbital Command  
  108  8:01  Sensor Tower  
  108  8:02  Marauder  
  110  8:06  Missile Turret x2  
  110  8:11  Marine x2  
  111  8:12  Siege Tank  
  111  8:16  Barracks Tech Lab  
  111  8:19  Terran Infantry Armor Level 1  
  114  8:23  Marine  
  115  8:28  Missile Turret  
  112  8:45  Siege Tank  
  107  8:58  Marauder x2  
  109  9:09  Barracks Tech Lab  
  109  9:10  Combat Shield  
  109  9:13  Concussive Shells  
  109  9:17  Barracks Tech Lab, Siege Tank  
  109  9:19  Marauder x2  
  116  9:25  Refinery  
  116  9:27  Enhanced Shockwaves  
  116  9:33  Refinery  
  116  9:47  Command Center, Supply Depot  
  116  9:49  Supply Depot x3  
  116  9:50  Command Center  
  116  9:51  Supply Depot x2  
  116  9:52  Terran Vehicle And Ship Armor Level 1  
  116  9:58  Engineering Bay  
  116  10:08  Ghost  
  116  10:09  Marauder x2, Medivac  
  116  10:11  Ghost  
  116  10:13  Terran Infantry Weapons Level 2  
  126  10:19  Supply Depot  
  126  10:26  Armory  
  126  10:31  Marauder x2  
  130  10:39  Medivac  
  132  10:43  SCV x3  
  132  10:46  Nuke  
  135  10:52  Marauder  
  135  10:55  SCV x3, Thor  
  146  11:02  Factory  
  146  11:07  SCV x2, Factory  
  146  11:08  Orbital Command  
  146  11:09  SCV  
  146  11:10  SCV  
  150  11:13  Starport Reactor  
  150  11:19  SCV x2  
  152  11:27  Marauder x4  
  152  11:28  Marine x2  
  162  11:41  Terran Infantry Armor Level 2  
  162  11:43  Terran Vehicle Weapons Level 2  
  162  11:46  Marine x2  
  164  11:48  Marauder x3  
  164  11:49  Marauder  
  172  11:54  Smart Servos  
  172  11:57  Factory Tech Lab  
  172  12:03  Factory Tech Lab  
  172  12:04  Factory Tech Lab, Marine x2  
  174  12:10  Marauder x4, Missile Turret  
  174  12:11  SCV  
  174  12:12  SCV x3, Missile Turret  
  174  12:13  Planetary Fortress  
  186  12:19  Thor  
  192  12:23  SCV  
  192  12:24  Refinery, SCV x2  
  192  12:26  Refinery  
  192  12:28  Refinery  
  195  12:31  Marauder x2, Missile Turret  
  195  12:32  Missile Turret  
  199  12:49  Marine  
  198  13:13  Drilling Claws  
  198  13:19  Refinery  
Show
View Real Time Build Order
Export as new Build Order

Thor Zerg 

Build Orders: Hatch First 

Get SALT Encoding   

  12  0:01  Drone  
  13  0:11  Drone  
  14  0:16  Overlord  
  15  0:35  Drone x3  
  17  0:49  Drone  
  18  1:00  Hatchery  
  18  1:01  Drone  
  18  1:12  Spawning Pool  
  18  1:15  Extractor  
  16  1:24  Drone, Extractor  
  16  1:26  Drone  
  17  1:35  Drone  
  18  1:45  Drone  
  19  1:59  Drone  
  20  2:01  Queen  
  20  2:05  Metabolic Boost  
  22  2:08  Overlord  
  22  2:16  Zergling x2  
  22  2:18  Drone  
  24  2:23  Overlord  
  24  2:35  Zergling x2  
  25  2:42  Drone x2  
  27  2:48  Zergling x2  
  28  3:00  Zergling x2  
  28  3:02  Lair  
  30  3:05  Zergling x4  
  30  3:07  Drone, Queen  
  30  3:10  Zergling x4  
  30  3:11  Zergling x2  
  37  3:13  Zergling x2  
  38  3:31  Zergling x4  
  40  3:45  Zergling x8  
  40  3:48  Spine Crawler  
  43  3:51  Drone x2, Spine Crawler  
  44  3:58  Overlord  
  42  4:22  Roach Warren  
  41  4:38  Spine Crawler  
  27  5:09  Zergling x2  
  27  5:10  Zergling x6  
  30  5:17  Roach x6  
  42  5:23  Glial Reconstitution, Roach  
  44  5:33  Drone  
  45  5:44  Roach x3  
  45  5:45  Overlord  
  51  5:52  Drone  
  51  5:55  Overlord  
  52  5:57  Extractor  
  51  6:13  Evolution Chamber  
  50  6:24  Roach x5  
  60  6:30  Drone  
  61  6:33  Spire  
  61  6:39  Overseer  
  60  6:41  Drone x2, Spore Crawler  
  60  6:42  Drone x4  
  65  6:47  Drone  
  65  6:48  Extractor  
  65  7:03  Drone  
  65  7:04  Drone x2  
  65  7:05  Overlord x3  
  68  7:28  Overseer  
  68  7:35  Drone x3  
  68  7:36  Drone x2  
  73  7:44  Hatchery  
  68  8:15  Roach x2  
  68  8:16  Roach x2  
  68  8:18  Zerg Flyer Weapons Level 1  
  76  8:21  Drone x7  
  83  8:41  Overseer  
  83  9:03  Drone  
  83  9:09  Overlord x3  
  84  9:14  Spore Crawler, Overlord x4  
  83  9:18  Drone x2  
  83  9:19  Queen  
  83  9:23  Overseer x2  
  87  9:32  Drone  
  88  9:55  Drone x2, Queen  
  88  9:58  Extractor  
  91  10:00  Extractor, Drone  
  91  10:18  Spore Crawler  
  91  10:20  Drone  
  91  10:22  Drone  
  91  10:23  Spore Crawler  
  91  10:39  Overseer  
  87  11:08  Mutalisk x5  
  87  11:09  Mutalisk x7  
  87  11:10  Mutalisk x3  
  108  11:12  Mutalisk x3  
  110  11:32  Spire  
  108  11:40  Spore Crawler  
  107  11:56  Overlord x2  
  107  11:57  Overlord  
  107  12:01  Spore Crawler  
  107  12:02  Drone, Spore Crawler  
  107  12:03  Overlord x3  
  106  12:09  Spire  
  106  12:12  Queen, Spore Crawler  
  106  12:14  Infestation Pit  
  106  12:15  Drone x5  
  109  12:16  Drone x2  
  112  12:23  Drone x2  
  112  12:24  Drone  
  115  12:30  Overseer  
  115  12:41  Pneumatized Carapace  
  115  13:01  Drone x5  
  120  13:07  Zerg Missile Weapons Level 1  
  120  13:24  Queen  
  52  14:00  Mutalisk x6  
  52  14:01  Mutalisk  
  52  14:02  Mutalisk x5  
  76  14:11  Mutalisk x2, Spore Crawler  
  76  14:12  Mutalisk  
Show
View Real Time Build Order
Export as new Build Order

Alex Protoss 

Build Orders:  

Get SALT Encoding   

  12  0:01  Probe  
  13  0:13  Probe  
  14  0:17  Pylon  
  14  0:25  Probe  
  15  0:36  Gateway  
  15  0:39  Probe (Chrono Boost)  
  16  0:49  Probe (Chrono Boost)  
  17  0:51  Assimilator  
  17  0:54  Probe (Chrono Boost)  
  18  1:07  Probe  
  19  1:19  Probe  
  19  1:25  Cybernetics Core  
  20  1:31  Probe, Assimilator  
  20  1:36  Pylon  
  20  1:43  Probe  
  21  1:55  Probe  
  21  2:00  Nexus  
  22  2:05  Warp Gate (Chrono Boost)  
  22  2:07  Adept  
  24  2:16  Pylon  
  24  2:27  Probe  
  25  2:32  Shield Battery  
  25  2:39  Probe  
  25  2:41  Adept  
  28  2:48  Robotics Facility  
  28  3:05  Probe  
  29  3:12  Probe  
  30  3:17  Probe  
  30  3:18  Gateway x2  
  31  3:24  Pylon  
  31  3:28  Sentry  
  31  3:33  Probe  
  34  3:36  Pylon  
  34  3:41  Pylon  
  34  3:42  Probe  
  34  3:44  Observer  
  36  3:50  Shield Battery  
  36  3:59  Pylon  
  36  4:01  Pylon  
  36  4:05  Probe x2  
  38  4:10  Assimilator  
  38  4:14  Assimilator  
  38  4:17  Probe  
  38  4:22  Adept  
  41  4:30  Observer  
  42  4:32  Adept x2  
  42  4:36  Probe x2  
  40  5:02  Probe  
  40  5:03  Probe  
  40  5:04  Adept x3  
  48  5:16  Probe x2  
  48  5:20  Gateway  
  50  5:21  Gateway  
  50  5:25  Immortal  
  54  5:28  Probe x2  
  54  5:33  Pylon  
  56  5:38  Stargate  
  56  5:40  Probe  
  56  5:41  Probe  
  58  5:44  Stalker  
  58  5:49  Pylon  
  60  5:53  Probe x2  
  62  5:57  Forge  
  62  6:02  Forge  
  62  6:05  Probe, Stalker, Sentry  
  67  6:13  Probe  
  68  6:41  Protoss Ground Weapons Level 1 (Chrono Boost)  
  68  6:42  Protoss Ground Armor Level 1 (Chrono Boost)  
  68  6:46  Probe x2, Fleet Beacon  
  70  6:50  Photon Cannon  
  70  6:51  Observer  
  70  6:52  Pylon  
  71  6:58  Probe  
  71  6:59  Probe  
  73  7:03  Shield Battery  
  73  7:20  Probe  
  78  7:37  Tempest  
  78  7:41  Probe  
  80  7:47  Adept  
  80  7:48  Adept  
  80  7:49  Stalker x3  
  90  8:12  Nexus  
  90  8:16  Pylon  
  90  8:20  Tempest  
  95  8:31  Robotics Bay  
  95  8:33  Gateway  
  95  8:36  Pylon  
  95  8:42  Stalker  
  95  8:43  Stalker x4  
  105  9:04  Tempest  
  105  9:09  Observer  
  111  9:15  Gravitic Boosters (Chrono Boost)  
  111  9:16  Pylon  
  111  9:19  Probe  
  111  9:20  Probe, Unknown  
  113  9:24  Photon Cannon  
  113  9:32  Probe, Stargate  
  113  9:35  Photon Cannon  
  113  9:37  Probe x2  
  116  9:51  Carrier  
  122  10:16  Stalker x2  
  122  10:17  Stalker x2  
  122  10:20  Assimilator  
  130  10:22  Probe x2  
  130  10:23  Probe  
  130  10:25  Assimilator  
  130  10:27  Shield Battery  
  130  10:28  Carrier  
  139  10:30  Photon Cannon  
  139  10:33  Pylon  
  139  10:34  Probe  
  140  10:45  Colossus  
  139  11:02  Pylon  
  139  11:05  Probe x3  
  142  11:16  Photon Cannon  
  142  11:28  Stalker x3  
  142  11:29  Stalker  
  142  11:32  Pylon  
  150  11:35  Shield Battery  
  150  11:48  Photon Cannon  
  150  11:49  Gateway  
  150  11:52  Pylon  
  150  11:56  Pylon  
  150  12:00  Pylon  
  150  12:02  Probe x3  
  153  12:11  Void Ray  
  153  12:12  Void Ray  
  153  12:13  Twilight Council  
  153  12:18  Gateway  
  153  12:19  Gateway  
  161  12:23  Pylon  
  161  12:24  Probe x2  
  163  12:30  Observer (Chrono Boost)  
  164  12:43  Probe x2, Colossus (Chrono Boost)  
  166  12:45  Nexus  
  166  12:49  Pylon, Cybernetics Core  
  172  12:52  Protoss Air Weapons Level 1 (Chrono Boost)  
  172  12:56  Stalker  
  172  12:57  Stalker x2  
  176  13:27  Extended Thermal Lance  
  172  13:34  Colossus  
  86  13:58  Zealot x3  
  86  13:59  Zealot x6  
  87  14:33  Photon Cannon  
  87  14:37  Photon Cannon  
Tags
 
Add a new tag
Caveats
  • Supply blocks, unpowered buildings, or Contaminate may cause inaccurate times.
  • Supply counts are checked every 10 seconds.